 Dungeon Crawl Stone Soup version 0.31-a0-875-g02e7d12df6 (webtiles) character file.

Game seed: 14885919287084231987

385 Xavori the Sneak (level 6, -16/38 HPs)
             Began as an Octopode Chaos Knight on Oct 13, 2023.
             Was a Plaything of Xom.
             Demolished by an ogre
             ... wielding a +0 giant club
              (18 damage)
             ... on level 4 of the Dungeon.
             The game lasted 00:02:51 (11423 turns).

Xavori the Sneak (Octopode Chaos Knight)           Turns: 11423, Time: 00:02:52

Health: -16/38     AC:  2    Str: 22    XL:     6   Next: 77%
Magic:  6/6        EV: 14    Int: 13    God:    Xom [.*....]
Gold:   214        SH:  0    Dex: 18    Spells: 5/5 levels left

rFire   . . .        a - +1 short sword (heavy)
rCold   . . .        (no shield)
rNeg    . . .        (helmet restricted)
rPois   .            (no amulet)
rElec   .            g - +6 ring of dexterity
rCorr   .            n - ring of wizardry
SInv    .            s - +6 ring of strength
Will    +....        (no ring)
Stlth   +++++        (no ring)
HPRegen 0.26/turn    (no ring)
MPRegen 0.10/turn    (no ring)
                     (no ring)

%: wizardry (x1)
@: no status effects
A: almost no armour, amphibious, 8 rings, camouflage 1, gelatinous body 1,
(nimble swimmer 1), tentacles, frail 1, strong-willed 1, shaggy fur 1, strong 1
a: Renounce Religion


You were on level 4 of the Dungeon.
You worshipped Xom.
You were a plaything of Xom.
You visited 1 branch of the dungeon, and saw 4 of its levels.

You collected 214 gold pieces.

Inventory:

Hand Weapons
 a - a +1 heavy short sword (weapon)
Missiles
 d - 2 throwing nets
Jewellery
 g - a +6 ring of dexterity (left tentacle)
 n - a ring of wizardry (right tentacle)
 s - a +6 ring of strength (on tentacle)
Scrolls
 b - a scroll of butterflies
 e - 2 scrolls of teleportation {unknown}
 f - 4 scrolls of fog {unknown}
 h - a scroll of vulnerability {unknown}
 j - 2 scrolls of enchant weapon
 l - 5 scrolls of identify {unknown}
Potions
 c - 2 potions of curing {unknown}
 i - a potion of mutation {unknown}
 k - a potion of enlightenment {unknown}
 m - a potion of heal wounds {unknown}
 o - a potion of might {unknown}
 p - 2 potions of haste {unknown}
 q - a potion of degeneration {unknown}


   Skills:
 + Level 4.0 Fighting
 + Level 4.3 Short Blades
 + Level 3.2 Dodging
 + Level 6.5 Stealth


You had 5 spell levels left.
You didn't know any spells.
Your spell library contained the following spells:

 Spells                   Type           Power      Damage    Failure   Level
 Slow                     Hex            0%         N/A       12%         1
 Confusing Touch          Hex            0%         N/A       34%         3
 Sigil of Binding         Hex            0%         N/A       34%         3
 Tukima's Dance           Hex            0%         N/A       34%         3
 Vampiric Draining        Necr           0%         2d6       34%         3
 Dimensional Bullseye     Hex/Tloc       0%         N/A       73%         4
 Iskenderun's Mystic Bla  Conj/Tloc      0%         2d3       73%         4


Dungeon Overview and Level Annotations

Branches:
Dungeon (4/15)
 Temple: D:4-7

Altars:


Innate Abilities, Weirdness & Mutations

You cannot wear most types of armour.
You are amphibious.
You can wear up to eight rings at the same time.
Your skin changes colour to match your surroundings (Stealth+).
Your rubbery body absorbs attacks. (AC +1, EV +1)
((You are camouflaged when in or above water. (Stealth+)))
You have tentacles for arms and can constrict up to eight enemies at once.
You are frail. (-10% HP)
You are strong-willed. (Will+)
You are covered in fur. (AC +1)
Your muscles are strong. (Str +4, Int/Dex -1)


Message History

An orc priest is nearby!
An orc wizard and an ogre come into view.
An orc comes into view. It is wielding a +0 mace.
Found a stone staircase leading down.
A ball python comes into view.
Found 2 stones.
An orc comes into view. It is wielding a +0 club.
The orc shouts! x2; The ball python hisses angrily.
The ogre shouts!
You hear a bark! x2; The orc wizard shouts!
Found a large garnet ring.
The orc priest shouts!
You hear a bark!
You hear an angry hiss.
A jackal comes into view.
The orc priest closely misses you.
You hear a bark!
You hit the orc priest. You freeze the orc priest. You grab the orc priest.
You squeeze the orc priest!
The orc priest is almost dead.
You constrict the orc priest.
A hound comes into view.
The hound barks!
You hit the orc priest. You freeze the orc priest.
You kill the orc priest!
The ogre hits you with a +0 giant club!!
Ouch! That really hurt!
* * * LOW HITPOINT WARNING * * *
The orc wizard casts a spell at you. The magic dart hits you!
* * * LOW HITPOINT WARNING * * *
Xom is amused.
The orc wizard points at you and mumbles some strange words.
The puff of flame misses you.
Okay, then.
As you read the scroll labelled RUBAJE TOUWN, it crumbles to dust.
It is a scroll of brand weapon.
Your +1 short sword of chaos becomes incredibly heavy!
a - a +1 heavy short sword (weapon)
The orc misses you.
The ogre hits you with a +0 giant club!!
You die...
Xom guffaws!

...
.(.##############
.....>...........
=................
.....ho.#........
#..<)..........
#....oS........
#......o.......
....#+#.O@..#+#+#
... #.h...#.#.# .
#.!...+..<#
###...#.#.#
#.....#.#
#.....#.#
+.....#.#
#.....#.#
#(....#.#


You could see an ogre, a hound, an orc wizard, 2 orcs, a jackal and a ball
python.

Vanquished Creatures
  A centaur (D:3)
  2 orc priests
  Crazy Yiuf (D:2)
  A hound (D:3)
  Jessica (D:3)
  Terence (D:2)
  An orc wizard (D:3)
  5 adders
  3 dart slugs
  6 orcs (D:3)
  6 ball pythons
  3 endoplasms
  4 giant cockroaches
  6 goblins
  4 hobgoblins
  3 jackals (D:3)
  4 quokkas
  9 bats
  3 frilled lizards
  A kobold (D:3)
  7 rats
72 creatures vanquished.

Vanquished Creatures (others)
  A bat (D:2)
1 creature vanquished.

Grand Total: 73 creatures vanquished

Notes
Turn   | Place    | Note
-------+----------+-------------------------------------------
     0 | D:1      | Xavori the Octopode Chaos Knight began the quest for the
                  | Orb.
     0 | D:1      | Reached XP level 1. HP: 16/16 MP: 1/1
     9 | D:1      | XOM: divination: detect creatures
    52 | D:1      | XOM: butterfly on damage
   213 | D:1      | XOM: silly message
   298 | D:1      | Reached XP level 2. HP: 17/21 MP: 2/2
   645 | D:1      | Reached XP level 3. HP: 26/26 MP: 3/3
  1595 | D:1      | XOM: silly message
  1910 | D:1      | XOM: god gift: 39 gold pieces
  2615 | D:1      | XOM: give mutations
  2615 | D:1      | Gained mutation: You are strong-willed. (Will+) [Xom's
                  | mischief]
  2615 | D:1      | Gained mutation: Your system is resistant to poisons.
                  | (rPois) [Xom's mischief]
  3530 | D:1      | XOM: silly message
  3808 | D:1      | XOM is BORED!
  3873 | D:1      | XOM: cloud trail
  4193 | D:1      | XOM: noise
  5320 | D:1      | XOM: give mutations
  5320 | D:1      | Lost mutation: Your system is resistant to poisons. (rPois)
                  | [Xom's mischief]
  5320 | D:1      | Gained mutation: You are covered in fur. (AC +1) [Xom's
                  | mischief]
  5916 | D:1      | XOM: draining
  6502 | D:1      | XOM is BORED!
  6956 | D:1      | XOM: give mutations
  6956 | D:1      | Gained mutation: Your muscles are strong. (Str +4, Int/Dex
                  | -1) [Xom's mischief]
  6956 | D:1      | Gained mutation: You have hidden genetic defects. [Xom's
                  | mischief]
  6956 | D:1      | Lost mutation: Your muscles are strong. (Str +4, Int/Dex
                  | -1) [Xom's mischief]
  6956 | D:1      | Gained mutation: Your muscles are strong. (Str +4, Int/Dex
                  | -1) [Xom's mischief]
  7789 | D:1      | XOM: god gift: 15 gold pieces
  8957 | D:1      | XOM: give mutation
  8957 | D:1      | Gained mutation: Your muscles are very strong. (Str +8,
                  | Int/Dex -2) [Xom's grace]
  9299 | D:1      | XOM is BORED!
  9674 | D:1      | XOM: god gift: scroll labelled YJI YCWAPERR {god gift}
  9722 | D:2      | Reached skill level 1 in Stealth
  9723 | D:2      | Gained mutation: You are frail. (-10% HP) [hidden defects]
  9904 | D:2      | Lost mutation: Your muscles are very strong. (Str +8,
                  | Int/Dex -2) [hidden defects]
  9904 | D:2      | Lost mutation: You have hidden genetic defects. [hidden
                  | defects expressed]
  9936 | D:2      | Found a runed translucent door.
  9937 | D:2      | Noticed Crazy Yiuf
  9938 | D:2      | XOM: silly message
  9968 | D:2      | Reached skill level 2 in Stealth
  9968 | D:2      | Reached XP level 4. HP: 27/28 MP: 4/4
 10050 | D:2      | Noticed Terence
 10053 | D:2      | Killed Terence
 10054 | D:2      | Reached skill level 3 in Stealth
 10361 | D:2      | XOM: butterfly on damage
 10363 | D:2      | Killed Crazy Yiuf
 10364 | D:2      | Reached skill level 4 in Stealth
 10364 | D:2      | Reached XP level 5. HP: 17/33 MP: 5/5
 10539 | D:3      | XOM: noise
 10589 | D:3      | XOM: summons 1 hostile demon
 10601 | D:3      | Identified the +0 cloak "Yrunergh" {Dex+3}
 10871 | D:3      | XOM: polymorph ball python -> jackal
 10892 | D:3      | Noticed a centaur
 10900 | D:3      | Killed a centaur
 10901 | D:3      | Reached skill level 5 in Stealth
 10901 | D:3      | Reached XP level 6. HP: 33/38 MP: 6/6
 11178 | D:3      | Reached skill level 6 in Stealth
 11242 | D:3      | Noticed Jessica
 11248 | D:3      | Killed Jessica
 11421 | D:4      | HP: 1/38 [orc wizard/magic dart (7)]
 11423 | D:4      | Demolished by an ogre

Illustrated notes

Levels and vault maps discovered:
D:1:      dpeg_arrival_three_same_balls, layout_loops_ring
D:2:      layout_rooms, hangedman_decor_slide_cut, uniq_terence,
          uniq_crazy_yiuf_cottage
D:3:      minmay_inner_zag, layout_loops_ring, kennysheep_flooded_box,
          uniq_jessica
D:4:      layout_basic, mainiacjoe_overflow_24_doors, dk_yredelemnul_ordeal,
          minmay_temple_entry_gardened_gates

Skill      XL: |  1  2  3  4  5  6 |
---------------+-------------------+-----
Stealth        | 2 4 5 6 |  6.5
Short Blades   | 4 |  4.3
Dodging        | 3 |  3.2
Fighting       | 4 |  4.0

Action                     |  1- 3 |  4- 6 || total
---------------------------+-------+-------++-------
  Melee: Short sword       |    66 |    83 ||   149
         Constrict         |    15 |    15 ||    30
         Tentacles         |     7 |    17 ||    24
         Punch             |     1 |     1 ||     2
    Use: Scroll            |     1 |     1 ||     2
   Stab: Sleeping          |    10 |    13 ||    23
 Armour: Skin              |    23 |    32 ||    55
  Dodge: Dodged            |    36 |    55 ||    91

Table legend: (Time is in decaauts)
 A = Elapsed time spent in this place.
 B = Non-inter-level travel time spent in this place.
 C = Inter-level travel time spent in this place.
 D = Time resting spent in this place.
 E = Time spent auto-exploring this place.
 F = Levels seen in this place.
 G = Mean time per level.
                   A        B        C        D        E       F      G
               +--------+--------+--------+--------+--------+-----+--------+
         Total |  11394 |  11308 |     86 |   9016 |   1829 |   4 | 2848.5 |
       Dungeon |  11394 |  11308 |     86 |   9016 |   1829 |   4 | 2848.5 |
               +--------+--------+--------+--------+--------+-----+--------+

Top non-repeatable levels by time:
     D:1: 9658 daAuts
     D:3: 905 daAuts
     D:2: 816 daAuts
     D:4: 15 daAuts
